 Dungeon Crawl Stone Soup version 0.25-a0-766-g0ecfff5982 (webtiles) character file.

Game seed: 17683970151801039739, levelgen mode: deterministic

11584 Error4North the Cleaver (level 11, -3/111 HPs)
             Began as a Hill Orc Fighter on Apr 13, 2020.
             Was a High Priest of Okawaru.
             Slain by an unseen horror (4 damage)
             ... on level 11 of the Dungeon.
             The game lasted 00:50:46 (10648 turns).

Error4North the Cleaver (Hill Orc Fighter)         Turns: 10648, Time: 00:50:46

Health: -3/111     AC: 19    Str: 25 (27) XL:     11   Next: 80%
Magic:  15/15      EV:  7    Int: 10 (11) God:    Okawaru [*****.]
Gold:   1422       SH: 13    Dex: 12 (13) Spells: 10/10 levels left

rFire    . . .     SeeInvis .   d - +5 broad axe "Pickick" {protect, +Fly Str+2 Dex+3}
rCold    . . .     Gourm    .   c - +1 kite shield
rNeg     . . .     Faith    .   e - +0 plate armour
rPois    +         Spirit   .   m - +1 helmet {Int+3}
rElec    .         Reflect  .   (no cloak)
rCorr    .         Harm     .   (no gloves)
MR       .....                  (no boots)
Stlth    ..........             (no amulet)
HPRegen  0.28/turn              n - ring of poison resistance
MPRegen  0.14/turn              y - +3 ring of protection

@: hasted, very quick
A: mutation resistance 1, robust 1, strong 1
a: Heroism, Finesse, Renounce Religion, Evoke Flight


You were on level 11 of the Dungeon.
You worshipped Okawaru.
Okawaru was extremely pleased with you.
You were hungry.

You visited 2 branches of the dungeon, and saw 13 of its levels.
You also visited: Sewer and Bailey.

You collected 1422 gold pieces.

Inventory:

Hand Weapons
 a - a +1 war axe
 d - the +5 broad axe "Pickick" (weapon) {protect, +Fly Str+2 Dex+3}
   (You acquired it on level 11 of the Dungeon)

   It grants its wielder temporary protection when it strikes (+7 to AC).
   It affects your strength (+2).
   It affects your dexterity (+3).
   It lets you fly.
 p - a +1 hand axe of flaming
Missiles
 s - 25 boomerangs (quivered)
Armour
 c - a +1 kite shield (worn)
 e - a +0 plate armour (worn)
 m - a +1 helmet of intelligence (worn)
Jewellery
 n - a ring of poison resistance (left hand)
 y - a +3 ring of protection (right hand)
Wands
 C - a wand of flame (5)
Scrolls
 h - 3 scrolls of teleportation
 j - 4 scrolls of magic mapping
 l - a scroll of enchant weapon
 o - 11 scrolls of identify
 q - 2 scrolls of remove curse
 t - 2 scrolls of fog
 w - 3 scrolls of blinking
 E - a scroll of amnesia
Potions
 b - 2 potions of lignification
 g - a potion of flight
 k - 2 potions of magic
 x - 2 potions of stabbing
 D - a potion of mutation
 F - a potion of invisibility
Comestibles
 f - 13 rations
 i - 5 chunks of flesh


   Skills:
 * Level 10.3 Fighting
 + Level 12.2 Axes
 + Level 2.3 Throwing
 * Level 9.2 Armour
 + Level 2.0 Dodging
 + Level 1.1 Stealth
 * Level 10.4 Shields
 + Level 5.9 Invocations
 * Level 1.9 Evocations


You had 10 spell levels left.
You didn't know any spells.
Your spell library contained the following spells:

 Spells                   Type           Power        Failure   Level  Hunger
 Animate Skeleton         Necr           N/A          100%        1    ##.....
 Apportation              Tloc           #.....       100%        1    ##.....
 Corona                   Hex            #......      100%        1    ##.....
 Pain                     Necr           #...         100%        1    ##.....
 Shock                    Conj/Air       #...         100%        1    ##.....
 Sting                    Tmut/Pois      #...         100%        1    ##.....
 Summon Small Mammal      Summ           #...         100%        1    ##.....
 Poisonous Vapours        Pois/Air       #.....       100%        2    ###....
 Swiftness                Chrm/Air       #.......     100%        2    ###....
 Ignite Poison            Fire/Tmut/Pois #.......     100%        3    ####...
 Mephitic Cloud           Conj/Pois/Air  #.......     100%        3    ####...
 Static Discharge         Conj/Air       #.......     100%        3    ####...
 Vampiric Draining        Necr           #.........   100%        3    ####...
 Airstrike                Air            #.........   100%        4    #####..
 Animate Dead             Necr           N/A          100%        4    #####..
 Olgreb's Toxic Radiance  Pois           #.......     100%        4    #####..
 Agony                    Necr           #.......     100%        5    ######.
 Lightning Bolt           Conj/Air       #.........   100%        5    ######.


Dungeon Overview and Level Annotations

Branches:
Dungeon (12/15)            Temple (1/1) D:6           Sewer (visited)
 Bailey (visited)
   Lair: D:8-11         Orc: D:9-12

Altars:
Ashenzari
Cheibriados
Dithmenos
Elyvilon
Fedhas
Gozag
Hepliaklqana
Kikubaaqudgha
Makhleb
Nemelex Xobeh
Okawaru
Qazlal
Ru
Sif Muna
Trog
Uskayaw
Vehumet
Wu Jian
Xom
Yredelemnul
Zin
The Shining One


Innate Abilities, Weirdness & Mutations

You are somewhat resistant to further mutation.
You are robust. (+10% HP)
Your muscles are strong. (Str +2)


Message History

Something hits you but does no damage. You block something's attack.
Something hits you!
* * * LOW HITPOINT WARNING * * *
You block something's attack. You block something's attack.
You feel yourself speed up. Something hits you but does no damage.
Something hits you!
* * * LOW HITPOINT WARNING * * *
You barely miss something. Something hits you but does no damage.
Something hits you but does no damage.
You see here 9 gold pieces.
You now have 1422 gold pieces (gained 9).
You block something's attack. Something hits you but does no damage.
Something hits you.
* * * LOW HITPOINT WARNING * * *
You block something's attack. Something hits you.
You die...

#### ########§§§#
##......≈≈§≈≈
##.......≈§§≈≈
##........≈§§§§
##..........§≈§.
##...........§§§..
##.........@.......
##..................
#...................
§≈≈≈................
§≈≈≈≈≈§..............
.§≈≈≈§≈§...###........
#..§≈§≈≈§...##
##.......
.....≈≈§....# .......
............## ......


There were no monsters in sight!

Vanquished Creatures
  An orc warlord (Bailey)
  2 two-headed ogres
  An orc knight (Bailey)
  A gargoyle (D:10)
  4 kobold demonologists
  A troll (D:9)
  3 hippogriffs
  5 slime creatures (D:9)
  A wyvern (D:11)
  4 yaks
  A human (D:8)
  A sky beast (D:5)
  Duvessa (D:6)
  3 ice beasts
  3 black bears
  3 orc warriors
  A necrophage (D:11)
  3 ogres
  4 centaurs
  4 phantoms
  2 big kobolds
  A bullfrog (D:11)
  A wyvern zombie (D:6)
  Dowan (D:6)
  7 scorpions
  11 killer bees
  2 howler monkeys
  9 crimson imps
  6 hounds
  2 jellies (D:8)
  5 orc priests
  A centaur skeleton (D:9)
  8 orc wizards
  2 bullfrog skeletons
  3 iguanas
  Natasha (thrice) (D:3)
  8 worker ants
  A hound skeleton (D:7)
  A howler monkey zombie (D:8)
  Robin (D:4)
  5 gnolls
  A howler monkey skeleton (D:8)
  14 adders
  An ooze (D:4)
  An adder skeleton (D:4)
  An adder zombie (D:8)
  A worm (D:3)
  5 dart slugs
  7 leopard geckos
  49 orcs
  2 ball pythons (Sewer)
  2 giant cockroaches
  12 hobgoblins
  21 jackals
  35 kobolds
  5 quokkas
  11 bats
  7 frilled lizards
  22 goblins
  A jackal zombie (D:8)
  A leopard gecko skeleton (D:5)
  A leopard gecko zombie (D:6)
  4 rats
331 creatures vanquished.

Vanquished Creatures (others)
  A kobold (D:9)
  A plant (Sewer)
2 creatures vanquished.

Grand Total: 333 creatures vanquished

Notes
Turn   | Place    | Note
-------+----------+-------------------------------------------
     0 | D:1      | Error4North the Hill Orc Fighter began the quest for the
                  | Orb.
     0 | D:1      | Reached XP level 1. HP: 19/19 MP: 1/1
   205 | D:1      | Reached XP level 2. HP: 25/27 MP: 2/2
   291 | D:1      | Reached skill level 3 in Axes
   405 | D:1      | Reached XP level 3. HP: 33/33 MP: 3/3
   786 | D:2      | Found an ornate altar of the Wu Jian Council.
   910 | D:2      | Reached skill level 4 in Axes
  1016 | D:2      | Reached XP level 4. HP: 41/41 MP: 4/4
  1441 | D:3      | Found a glowing drain.
  1458 | Sewer    | Entered a sewer
  1624 | Sewer    | Reached XP level 5. HP: 44/47 MP: 5/5
  2800 | D:4      | Noticed Natasha
  2810 | D:3      | Reached skill level 5 in Fighting
  2829 | D:3      | Reached XP level 6. HP: 43/56 MP: 6/6
  2880 | D:4      | Reached skill level 5 in Axes
  2892 | D:4      | Noticed Robin
  2914 | D:3      | Killed Natasha
  3244 | D:3      | Noticed Natasha
  3251 | D:3      | Killed Natasha
  3585 | D:4      | Killed Robin
  4124 | D:4      | Reached XP level 7. HP: 60/61 MP: 7/7
  4288 | D:3      | Noticed Natasha
  4295 | D:3      | Killed Natasha
  4328 | D:5      | Entered Level 5 of the Dungeon
  4403 | D:5      | Reached skill level 6 in Axes
  4420 | D:5      | Reached skill level 5 in Shields
  4446 | D:5      | Reached skill level 5 in Armour
  4456 | D:5      | Reached skill level 7 in Axes
  4456 | D:5      | Reached XP level 8. HP: 23/70 MP: 8/8
  4774 | D:5      | Found a bloodstained altar of Trog.
  4948 | D:5      | Reached skill level 1 in Throwing
  5318 | D:6      | Reached skill level 8 in Axes
  5339 | D:6      | Reached skill level 1 in Dodging
  5391 | D:6      | Found a staircase to the Ecumenical Temple.
  5404 | Temple   | Entered the Ecumenical Temple
  5419 | Temple   | Became a worshipper of Warmaster Okawaru
  5659 | D:6      | Reached XP level 9. HP: 51/79 MP: 9/9
  5921 | D:6      | Noticed Duvessa
  5944 | D:6      | Reached skill level 9 in Axes
  5954 | D:6      | Noticed Dowan
  5955 | D:6      | Killed Duvessa
  5955 | D:6      | Reached * piety under Okawaru
  5980 | D:6      | Killed Dowan
  7088 | D:7      | Reached skill level 1 in Invocations
  7131 | D:7      | Found a sacrificial altar of Ru.
  7168 | D:7      | Found a flagged portal.
  7286 | Bailey   | Entered a bailey
  7291 | Bailey   | Noticed an orc warlord
  7448 | Bailey   | Found a runed translucent gate.
  7448 | Bailey   | Found a runed translucent gate.
  7448 | Bailey   | Found a runed translucent gate.
  7502 | Bailey   | Noticed an orc knight
  7522 | Bailey   | Killed an orc knight
  7522 | Bailey   | Reached XP level 10. HP: 35/88 MP: 9/11
  7779 | Bailey   | Killed an orc warlord
  7779 | Bailey   | Reached ** piety under Okawaru
  7779 | Bailey   | Reached skill level 10 in Axes
  7779 | Bailey   | Reached skill level 1 in Stealth
  8409 | D:8      | Noticed a two-headed ogre
  8733 | D:8      | Killed a two-headed ogre
  8829 | D:8      | Reached *** piety under Okawaru
  9114 | D:8      | Reached skill level 11 in Axes
  9179 | D:9      | Reached skill level 5 in Invocations
  9238 | D:9      | Reached XP level 11. HP: 84/97 MP: 14/14
  9379 | D:9      | Noticed a sun demon
  9561 | D:9      | Reached **** piety under Okawaru
  9655 | D:9      | Reached skill level 10 in Fighting
  9879 | D:10     | Entered Level 10 of the Dungeon
  9895 | D:10     | Reached skill level 10 in Shields
  9904 | D:10     | You fall into a shaft and drop 2 floors!
  9925 | D:11     | Noticed a two-headed ogre
  9937 | D:11     | Killed a two-headed ogre
  9937 | D:11     | Reached skill level 12 in Axes
  9942 | D:11     | Reached ***** piety under Okawaru
  9942 | D:11     | Reached skill level 1 in Evocations
 10014 | D:11     | Identified 2 scrolls of acquirement
 10035 | D:11     | Gained mutation: You are robust. (+10% HP) [potion of
                  | mutation]
 10035 | D:11     | Gained mutation: Your muscles are strong. (Str +2) [potion
                  | of mutation]
 10035 | D:11     | Gained mutation: You are somewhat resistant to further
                  | mutation. [potion of mutation]
 10087 | D:11     | HP: 5/111 [something (6)]
 10106 | D:11     | HP: 3/111 [something (7)]
 10608 | D:11     | Identified the +5 broad axe "Pickick" {protect, +Fly Str+2
                  | Dex+3} (You acquired it on level 11 of the Dungeon)
 10640 | D:11     | HP: 2/111 [something (8)]
 10645 | D:11     | HP: 1/111 [something (2)]
 10648 | D:11     | Slain by an unseen horror

Levels and vault maps discovered:
D:1:      dpeg_arrival_three_same_balls, layout_basic, serial_park_tiny_2
D:2:      layout_rooms, old_standard_altar, first_ration
D:3:      layout_basic, portal_sewer_entry_d
D:4:      layout_cave_pools, uniq_natasha, uniq_robin
D:5:      layout_cave_pools, basic_altar, serial_column_ruins,
          column_ruins_square_small, column_ruins_hut_water,
          column_ruins_grid_1, column_ruins_open_small, column_ruins_grid_1,
          column_ruins_columns_plus, column_ruins_open_small
D:6:      layout_basic, minmay_temple_entry_sparse_star,
          minmay_manual_macuahuitl, uniq_duvessa
D:7:      layout_gridville, enter_bailey_8, nicolae_ru_path_of_blood
D:8:      layout_loops_ring, grunt_pizzeria
D:9:      layout_cave_pools, lemuel_flamethrower_2
D:10:     layout_basic, lair_entry_dummy, serial_shops,
          nicolae_shop_behind_doors
D:11:     layout_big_octagon, gauntlet_entry_generic, hive_lemuel
D:12:     layout_loops_ring, minmay_orc_entry_guard_dogs, serial_shops,
          nicolae_shop_behind_doors, hellmonk_ghost_happy_afterlife
Temple:   nicolae_temple_the_god_donut

Skill      XL: |  1  2  3  4  5  6  7  8  9 10 11 |
---------------+----------------------------------+-----
Fighting       | 4 5 6 7 8 9 10 | 10.3
Axes           | 3 4 5 7 8 9 11 12 | 12.2
Shields        | 4 5 6 8 9 10 | 10.4
Armour         | 4 5 6 7 8 9 |  9.2
Throwing       | 1 2 |  2.3
Dodging        | 1 2 |  2.0
Invocations    | 2 5 |  5.9
Stealth        | 1 |  1.1
Evocations     | 1 |  1.9

Action                   |  1- 3 |  4- 6 |  7- 9 | 10-12 || total
-------------------------+-------+-------+-------+-------++-------
Melee: War axe           |    86 |   263 |   333 |   481 ||  1163
       Broad axe         |       |       |       |     5 ||     5
Throw: Javelin           |    10 |     7 |     9 |       ||    26
       Boomerang         |       |       |     8 |    28 ||    36
Invok: Heroism           |       |       |     5 |    12 ||    17
Evoke: Wand              |       |       |       |     4 ||     4
  Use: Potion            |       |     4 |     3 |    17 ||    24
       Scroll            |       |       |     9 |     5 ||    14
 Stab: Invisible         |       |       |       |     3 ||     3
  Eat: Chunk             |     1 |     6 |     8 |     4 ||    19
       Ration            |       |     1 |     1 |     2 ||     4
Armor: Scale mail        |    59 |   124 |       |       ||   183
       Chain mail        |       |    21 |   184 |    33 ||   238
       Plate armour      |       |       |       |   319 ||   319
Dodge: Dodged            |    33 |    82 |   100 |   128 ||   343
Block: Kite shield       |    49 |   132 |   217 |   337 ||   735

Table legend:
 A = Non-vault XP
 B = Vault XP
 C = Vault XP percentage of total XP
 D = Non-vault monster count
 E = Vault monster count
 F = Vault count percentage of total count
                 A         B        C        D         E       F
            +---------+---------+-------+---------+---------+-------
      Total |   13278 |    3271 |  19.8 |     270 |      61 |  18.4
            +---------+---------+-------+---------+---------+-------
        D:1 |      46 |       0 |   0.0 |      27 |       0 |   0.0
        D:2 |      36 |       0 |   0.0 |      14 |       0 |   0.0
        D:3 |     256 |      48 |  15.8 |      32 |       3 |   8.6
        D:4 |     199 |      35 |  15.0 |      15 |      11 |  42.3
        D:5 |    1184 |       0 |   0.0 |      30 |       0 |   0.0
        D:6 |    1226 |     544 |  30.7 |      21 |       5 |  19.2
        D:7 |     434 |       0 |   0.0 |      13 |       0 |   0.0
        D:8 |    2805 |     200 |   6.7 |      52 |       1 |   1.9
        D:9 |    3648 |       0 |   0.0 |      26 |       0 |   0.0
       D:10 |     415 |       0 |   0.0 |       1 |       0 |   0.0
       D:11 |    3029 |       0 |   0.0 |      39 |       0 |   0.0
      Sewer |       0 |      47 | 100.0 |       0 |      15 | 100.0
     Bailey |       0 |    2397 | 100.0 |       0 |      26 | 100.0
            +---------+---------+-------+---------+---------+-------
